 Dungeon Crawl Stone Soup version 0.28-a0-1594-ga885d4b3d6 (webtiles) character file.

Game seed: 155289473457233704

18 psuckher the Sneak (level 2, -1/22 HPs)
             Began as a Demonspawn Brigand on Jan 20, 2022.
             Was a Follower of Qazlal.
             Slain by a gnoll (7 damage)
             ... on level 2 of the Dungeon.
             The game lasted 00:05:05 (1011 turns).

psuckher the Sneak (Demonspawn Brigand)             Turns: 1011, Time: 00:05:06

Health: -1/22      AC:  3    Str: 11    XL:     2   Next: 48%
Magic:  2/2        EV: 12    Int: 12    God:    Qazlal [*.....]
Gold:   32         SH:  1    Dex: 14    Spells: 1/1 levels left

rFire   . . .      SeeInvis .   a - +2 dagger
rCold   . . .      Faith    .   (no shield)
rNeg    . . .      Spirit   .   b - +0 robe
rPois   .          Reflect  .   (no helmet)
rElec   .          Harm     .   c - +0 cloak
rCorr   .          Rampage  .   (no gloves)
Will    .....                   (no boots)
Stlth   ++........              (no amulet)
HPRegen 0.07/turn               (no ring)
MPRegen 0.08/turn               (no ring)

@: no status effects
A: demonic magic 1
a: Renounce Religion


You were on level 2 of the Dungeon.
You worshipped Qazlal.
Qazlal was aware of your devotion.
You visited 1 branch of the dungeon, and saw 2 of its levels.

You collected 32 gold pieces.

Inventory:

Hand Weapons
 a - a +2 dagger (weapon)
Missiles
 d - 7 poisoned darts (quivered)
 e - 2 curare-tipped darts
Armour
 b - a +0 robe (worn)
 c - a +0 cloak (worn)
 i - a +0 helmet
Magical Staves
 f - a staff of fire
Scrolls
 g - 3 scrolls of identify {unknown}
 h - a scroll of holy word {unknown}
Potions
 j - a potion of ambrosia {unknown}
 k - a potion of lignification {unknown}


   Skills:
 + Level 2.1 Fighting
 + Level 1.8 Short Blades
 + Level 1.9 Throwing
 + Level 1.1 Dodging
 + Level 4.0 Stealth


You had one spell level left.
You didn't know any spells.
Your spell library was empty.

Dungeon Overview and Level Annotations

Branches:
Dungeon (2/15)

Altars:
Qazlal


Innate Abilities, Weirdness & Mutations

Spells you cast may paralyse adjacent enemies.


Message History

The plant is lightly damaged.
You hit the plant.
The plant is lightly damaged.
You hit the plant.
The plant is lightly damaged.
A nearby plant withers and dies.
There is a stone staircase leading down here.
You climb downwards.
There is a stone staircase leading up here.
Found 28 stones.
Found a scroll labelled VUOMIUTIYJ.
g - 3 scrolls labelled VUOMIUTIYJ (gained 1)
Found a red potion.
k - a red potion A gnoll comes into view.
It is wielding a +0 spear.
The gnoll shouts!
The gnoll moves out of view. 2 gnolls come into view.
The gnoll hits you from afar with a +0 spear.
The gnoll hits you from afar with a +0 spear.
The gnoll shouts!
The gnoll barely misses you.
The gnoll shouts!
You hit the gnoll.
The gnoll is lightly wounded.
The gnoll hits you with a +0 spear.
You hit the gnoll but do no damage.
The gnoll is lightly wounded.
Throw: 8 darts (poison)
Press: ? - help, Q - select action, (/) - cycle Shift-Dir - straight line, f - gnoll
Aim: a gnoll, wielding a +0 spear (lightly wounded, 63% to hit)
You throw a poisoned dart.
The poisoned dart barely misses the gnoll.
The gnoll hits you with a +0 spear.
* * * LOW HITPOINT WARNING * * *
The gnoll barely misses you.
You hit the gnoll.
The gnoll is moderately wounded.
The gnoll hits you with a +0 spear!
You die...

.(... #...# #...# #...#
#...# #########g..#
.......#gg.########
#..#.#@○........#
#.......#.#####.##
###..####.##.....# #....#
#.##.##..#####
.#.#..#.####.##.#.......#
...........#........###.#
#.#.#...........#.#.###.#
#..#######.######.#..##.#
#.# #.# #.##.##.#


You could see 3 gnolls.

Vanquished Creatures
  2 endoplasms (D:1)
  A giant cockroach (D:1)
  3 hobgoblins (D:1)
  2 kobolds (D:1)
  A quokka (D:1)
  2 ball pythons (D:1)
  2 bats (D:1)
  3 frilled lizards (D:1)
  2 rats (D:1)
  2 toadstools (D:1)
20 creatures vanquished.

Vanquished Creatures (others)
  A plant (D:1)
  2 toadstools (D:1)
3 creatures vanquished.

Grand Total: 23 creatures vanquished

Notes
Turn   | Place    | Note
-------+----------+-------------------------------------------
     0 | D:1      | psuckher the Demonspawn Brigand began the quest for the
                  | Orb.
     0 | D:1      | Reached XP level 1. HP: 16/16 MP: 1/1
   143 | D:1      | Reached skill level 1 in Dodging
   228 | D:1      | Gained mutation: Spells you cast may paralyse adjacent
                  | enemies. [demonic ancestry]
   228 | D:1      | Reached XP level 2. HP: 4/22 MP: 2/2
   240 | D:1      | Reached skill level 4 in Stealth
   704 | D:1      | Found a faded altar of an unknown god.
   712 | D:1      | Prayed at the altar of an unknown god.
   712 | D:1      | Became a worshipper of Qazlal Stormbringer
   712 | D:1      | Reached * piety under Qazlal
  1011 | D:2      | Slain by a gnoll

Illustrated notes

Levels and vault maps discovered:
D:1:      ldierk_water_garden, layout_basic,
          dreamdust_ecumenical_altar_hidden_monk_grotto,
          wander_ebering_terrifying_dragon_lair
D:2:      layout_loops_cross

Skill      XL: |  1  2 |
---------------+-------+-----
Dodging        | 1 |  1.1
Stealth        | 4 |  4.0
Fighting       | |  2.1
Short Blades   | |  1.8
Throwing       | |  1.9

Action                   || total
-------------------------++-------
Melee: Dagger            ||    64
       Punch             ||     2
Throw: Dart              ||     3
 Stab: Sleeping          ||     2
Armor: Robe              ||    16
Dodge: Dodged            ||    28

Table legend: (Time is in decaauts)
 A = Elapsed time spent in this place.
 B = Non-inter-level travel time spent in this place.
 C = Inter-level travel time spent in this place.
 D = Time resting spent in this place.
 E = Time spent auto-exploring this place.
 F = Levels seen in this place.
 G = Mean time per level.
                   A        B        C        D        E       F      G
               +--------+--------+--------+--------+--------+-----+--------+
         Total |   1005 |    818 |    187 |      0 |     22 |   2 |  502.5 |
       Dungeon |   1005 |    818 |    187 |      0 |     22 |   2 |  502.5 |
               +--------+--------+--------+--------+--------+-----+--------+

Top non-repeatable levels by time:
     D:1: 934 daAuts
     D:2: 70 daAuts
